 Dungeon Crawl Stone Soup version 0.23-a0-837-ga3e6480 (console) character file.

275 Duffy the Shield-Bearer (level 6, -13/56 HPs)
             Began as a Naga Fighter on Jan 24, 2019.
             Mangled by an orc warrior
             ... wielding a +0 short sword
              (14 damage)
             ... on level 6 of the Dungeon.
             The game lasted 00:02:10 (1577 turns).

Duffy the Shield-Bearer (Naga Fighter)              Turns: 1577, Time: 00:02:11

Health: -13/56     AC:  8    Str: 23    XL:     6   Next: 24%
Magic:  6/6        EV:  2    Int: 15    God:
Gold:   102        SH: 10    Dex: 11    Spells: 5/5 levels left

rFire    . . .     SeeInvis +   a - +0 war axe
rCold    . . .     Gourm    .   c - +0 shield
rNeg     . . .     Faith    .   i - +0 plate armour
rPois    +         Spirit   .   (no helmet)
rElec    .         Reflect  .   (no cloak)
rCorr    .         Harm     .   (no gloves)
MR       .....                  (no barding)
Stlth    ..........             (no amulet)
HPRegen  0.18/turn              (no ring)
MPRegen  0.10/turn              (no ring)

@: mighty, brilliant, flying, very slow
A: large, see invisible, deformed body, poison resistance, slowness 2, slow
metabolism 1, spit poison 1, AC +2
a: Spit Poison


You were on level 6 of the Dungeon.
You were hungry.

You visited 1 branch of the dungeon, and saw 6 of its levels.

You collected 102 gold pieces.

Inventory:

Hand Weapons
 a - a +0 war axe (weapon)
Armour
 c - a +0 shield (worn)
 i - a +0 plate armour (worn)
Scrolls
 e - a scroll of identify {unknown}
 g - a scroll of blinking {unknown}
 h - 2 scrolls of magic mapping {unknown}
 l - a scroll of fog {unknown}
Comestibles
 f - 6 rations


   Skills:
 - Level 3.0 Fighting
 + Level 4.1 Axes
 * Level 3.2 Armour
 * Level 4.1 Shields


You had 5 spell levels left.
You didn't know any spells.
Your spell library was empty.

Dungeon Overview and Level Annotations

Branches:
Dungeon (6/15)             Temple (0/1) D:6

Altars:
Xom


Innate Abilities, Weirdness & Mutations

You cannot wear boots.
Your serpentine skin is tough. (AC +2)
You have supernaturally acute eyesight. (SInv)
Armour fits poorly on your strangely shaped body.
Your system is resistant to poisons. (rPois)
You cover ground very slowly.
You have a slow metabolism.
You can spit poison.


Message History

You block the orc's attack. The orc hits you but does no damage.
The orc wizard hits you but does no damage.
You closely miss the orc warrior.
The orc warrior is severely wounded.
You closely miss the orc priest. You slash the orc!
You kill the orc!
You closely miss the orc warrior. You slash the orc wizard!
You kill the orc wizard!
You block the orc warrior's attack.
The orc warrior hits you with a +0 dire flail!
The orc priest hits you with a +0 club. You block the orc's attack.
The orc warrior hits you but does no damage.
Your plate armour prevents you from hitting the orc warrior.
The orc warrior is lightly wounded.
You hit the orc warrior. You slash the orc priest!
You block the orc warrior's attack.
The orc priest invokes the aid of Beogh against you.
Pain shoots through your body! You block the orc's attack.
The orc warrior hits you with a +0 short sword!
You die...

<. .# ... .# #.
##.. ..# ###.#
#... ...
......#..###.#.#
#.#.#.#..#.....
......#.o#)#.###
....#...o@.....#
........)o)#.#.#
>...#...o#.#
.........#.#
....#....#.#
.........#.#
#.#.#.#..#.#
......#?.#.#
....#.#..#


You could see 2 orc warriors, an orc priest and an orc.

Vanquished Creatures
  A scorpion (D:5)
  A jelly (D:5)
  A crimson imp (D:3)
  An orc wizard (D:6)
  An orc priest (D:5)
  A howler monkey skeleton (D:5)
  5 adders
  An ooze (D:3)
  A worm (D:3)
  A dart slug (D:4)
  2 leopard geckos (D:3)
  6 orcs
  6 goblins
  2 hobgoblins (D:3)
  4 bats (D:3)
  A kobold (D:3)
  3 rats (D:3)
38 creatures vanquished.

Notes
Turn   | Place    | Note
-------+----------+-------------------------------------------
     0 | D:1      | Duffy the Naga Fighter began the quest for the Orb.
     0 | D:1      | Reached XP level 1. HP: 21/21 MP: 1/1
   109 | D:2      | Reached XP level 2. HP: 23/28 MP: 2/2
   286 | D:3      | Reached XP level 3. HP: 12/34 MP: 3/3
   596 | D:3      | Reached XP level 4. HP: 39/42 MP: 4/4
  1052 | D:5      | Entered Level 5 of the Dungeon
  1075 | D:5      | Found a shimmering altar of Xom.
  1082 | D:5      | Reached XP level 5. HP: 45/49 MP: 5/5
  1132 | D:6      | Noticed an orc warrior
  1132 | D:6      | Noticed an orc warrior
  1133 | D:6      | Found a staircase to the Ecumenical Temple.
  1413 | D:5      | Reached XP level 6. HP: 27/56 MP: 6/6
  1577 | D:6      | HP: 1/56 [orc priest/nerve-wracking pain (9)]
  1577 | D:6      | Mangled by an orc warrior

Vault maps used:
D:1:      shiori_arrival_maze
D:2:      nicolae_overflow_hidden_temple,
          grunt_temple_overflow_order_and_chaos_2, uniq_sigmund
D:3:      first_ration, minmay_vboxes, uniq_natasha
D:5:      kennysheep_mini, lemuel_statue_altar, uniq_eustachio
D:6:      lemuel_coloured_pillars_altar, marbit_many_paths,
          fedhas_altar_decomposition, minmay_temple_entry_glass

Skill      XL: |  1  2  3  4  5 |
---------------+----------------+-----
Shields        | 3 4 |  4.1
Axes           | 3 4 |  4.1
Armour         | 3 |  3.2
Fighting       | |  3.0

Action                   |  1- 3 |  4- 6 || total
-------------------------+-------+-------++-------
Melee: War axe           |    58 |    62 ||   120
 Abil: Spit Poison       |     5 |     4 ||     9
  Use: Potion            |       |     3 ||     3
  Eat: Chunk             |       |     1 ||     1
Armor: Scale mail        |    40 |    10 ||    50
       Plate armour      |       |    30 ||    30
Dodge: Dodged            |    25 |    14 ||    39
Block: Shield            |    45 |    46 ||    91

Table legend:
 A = Non-vault XP
 B = Vault XP
 C = Vault XP percentage of total XP
 D = Non-vault monster count
 E = Vault monster count
 F = Vault count percentage of total count
                 A         B        C        D         E       F
            +---------+---------+-------+---------+---------+-------
      Total |     336 |      57 |  14.5 |      33 |       5 |  13.2
            +---------+---------+-------+---------+---------+-------
        D:1 |       2 |       0 |   0.0 |       1 |       0 |   0.0
        D:2 |      15 |       0 |   0.0 |       2 |       0 |   0.0
        D:3 |      68 |      57 |  45.6 |      17 |       5 |  22.7
        D:4 |      13 |       0 |   0.0 |       4 |       0 |   0.0
        D:5 |     189 |       0 |   0.0 |       6 |       0 |   0.0
        D:6 |      49 |       0 |   0.0 |       3 |       0 |   0.0
            +---------+---------+-------+---------+---------+-------
